 Dungeon Crawl Stone Soup version 0.30-a0-591-g3c58d2bc28 (webtiles) character file.

Game seed: 9494702951459515240

128 kae the Insei (level 4, -2/32 HPs)
             Began as a Demonspawn Transmuter on Jan 5, 2023.
             Splashed by a jelly's acid (6 damage)
             ... on level 3 of the Dungeon.
             The game lasted 00:02:01 (2097 turns).

kae the Insei (Demonspawn Transmuter)               Turns: 2097, Time: 00:02:02

Health: -2/32      AC: -2    Str: 10    XL:     4   Next: 86%
Magic:  5/8        EV: 19    Int: 17    God:
Gold:   92         SH:  0    Dex: 18    Spells: 2/8 levels left

rFire   . . .      SeeInvis .      - Unarmed
rCold   . . .      Faith    .    (shield currently unavailable)
rNeg    . . .      Spirit   .    (body armour currently unavailable)
rPois   x          Reflect  .    (helmet currently unavailable)
rElec   .          Harm     .    (cloak currently unavailable)
rCorr   .          Rampage  .    (gloves currently unavailable)
Will    .....                    (boots currently unavailable)
Stlth   ++                       (no amulet)
HPRegen 0.25/turn                (no ring)
MPRegen 0.11/turn                (no ring)

@: spider-form, corroded
A: venomous fangs, tiny, (slimy green scales 1), ignite blood 1, powered by
death 1
a: End Transformation


You were on level 3 of the Dungeon.
You were a venomous arachnid creature.
You visited 1 branch of the dungeon, and saw 3 of its levels.

You collected 92 gold pieces.


Innate Abilities, Weirdness & Mutations

You are a venomous arachnid creature.
You have poisonous fangs.
You are tiny and dextrous.
Your spellcasting is less reliable in this form.
Your armour is entirely melded.
You are incapable of wielding weapons or throwing items.
((You are partially covered in slimy green scales. (AC +2)))
Your demonic aura sometimes causes spilled blood to erupt in flames.
You regenerate a little health from kills.


   Skills:
 - Level 1.0 Fighting
 - Level 1.7 Dodging
 + Level 3.3 Unarmed Combat
 + Level 2.7 Spellcasting
 * Level 3.3 Transmutations
 * Level 1.2 Poison Magic


You had 2 spell levels left.
You knew the following spells:

 Your Spells              Type           Power      Damage    Failure   Level
a - Beastly Appendage     Tmut           26%        N/A       13%         1
b - Wereblood             Tmut           13%        N/A       19%         2
c - Spider Form           Tmut/Pois      10%        N/A       43%         3

Your spell library contained the following spells:

 Spells                   Type           Power      Damage    Failure   Level
 Call Canine Familiar     Summ           2%         N/A       69%         3
 Portal Projectile        Hex/Tloc       4%         N/A       69%         3
 Stone Arrow              Conj/Erth      4%         3d7       69%         3
 Ice Form                 Ice/Tmut       8%         N/A       83%         4
 Animate Armour           Summ/Erth      4%         N/A       96%         4
 Leda's Liquefaction      Hex/Erth       1%         N/A       96%         4
 Lehudib's Crystal Spear  Conj/Erth      1%         10d2      100%        8

Inventory:

Missiles
 f - 37 stones
Armour
 a - a +1 robe (melded)
Magical Staves
 e - a staff of poison {!a}
   (You found it on level 2 of the Dungeon)
Wands
 c - a wand of roots (12)
   (You found it on level 2 of the Dungeon)
Scrolls
 k - a scroll of fear {unknown}
 l - a scroll of immolation {!r!r}
Potions
 b - 3 potions of lignification {!q}
 d - a potion of brilliance {unknown}
 g - a potion of invisibility {unknown}
 h - a potion of ambrosia {unknown}
 i - a potion of attraction {unknown}
 j - 3 potions of curing {@q1}

Dungeon Overview and Level Annotations

Branches:
Dungeon (3/15) Zot: 15909

Altars:
Dithmenos

... ... #.# .
#.# .. ## #.#
... ##.##.#
....
##...#.##.....
#.....sJ'.....
##(..#.##.....
##. #.# ... #
#.# . #.# ..
#######.# #'#
#.......# #.#
#.####### #.#
#.# ##.#######


You could see a jelly.


Message History

You now have 92 gold pieces (gained 10).
You open the door.
There is an open door here.
b - 3 potions of lignification {!q} (gained 2) Key pressed, stopping explore.
You open the door.
There is an open door here.
Key pressed, stopping explore.
Found an escape hatch in the ceiling.
There is an escape hatch in the ceiling here.
Found a shadowy altar of Dithmenos.
j - 3 potions of curing {@q1} (gained 2)
k - a scroll labelled OKLIXUCLENNE
l - a scroll of immolation {!r!r} A ball python comes into view.
The ball python hisses angrily.
A ball python is nearby!
A ball python is nearby!
Casting: Spider Form (quite dangerous; 22% risk of failure)
Confirm with . or Enter, or press ? or * to list all spells.
You grow a pair of large bovine horns.
Your feet morph into talons. 😎 MP[-1]
You lost 1 mp, and now have 7/8 mp.
You barely miss the ball python. The ball python barely misses you.
The ball python grabs you. The ball python constricts you.
You hit the ball python.
You kill the ball python!
A goblin comes into view. It is wielding a +0 club. 😎 MP[+1]
Your mp is fully restored (8).
The goblin shouts!
The goblin throws a stone.
The stone hits you but does no damage.
A goblin is nearby!
The goblin throws a stone.
The stone barely misses you. The goblin hits you but does no damage.
A goblin is nearby!
A goblin is nearby!
You barely miss the goblin. Your kick misses the goblin.
Your headbutt misses the goblin. The goblin closely misses you.
You punch the goblin!
You kill the goblin!
f - 37 stones (gained 6)
You see here a +0 club.
Your transformation is almost over.
A rat comes into view.
A rat is nearby!
A rat is nearby!
A rat is nearby!
Casting: Beastly Appendage (safe; 4% risk of failure)
Confirm with . or Enter, or press ? or * to list all spells.
You extend your transformation's duration.
The rat twitches its whiskers.
The rat barely misses you. 😎 MP[-1]
You lost 1 mp, and now have 7/8 mp.
You hit the rat.
You kill the rat!
No target in view!
You see here a rat corpse.
Your transformation is almost over.
A jelly comes into view.
The jelly moves out of view. 😎 MP[+1]
Your mp is fully restored (8).
Your horns disappear.
Your talons disappear.
You hear a distant slurping noise.
The jelly quivers.
A jelly is nearby!
A jelly is nearby!
A jelly is nearby!
Casting: Beastly Appendage (safe; 4% risk of failure)
Confirm with . or Enter, or press ? or * to list all spells.
The spell is quite dangerous to miscast (22% risk of failure)!
Continue anyway? [Y]es or [N]o only, please.
The spell is quite dangerous to miscast (22% risk of failure)!
Continue anyway?
Okay, then.
Casting: Spider Form (quite dangerous; 22% risk of failure)
Confirm with . or Enter, or press ? or * to list all spells.
The spell is quite dangerous to miscast (22% risk of failure)!
Continue anyway? [Y]es or [N]o only, please.
The spell is quite dangerous to miscast (22% risk of failure)!
Continue anyway?
You turn into a venomous arachnid creature.
Your +1 robe melds into your body. 😎 MP[-3]
You lost 3 mp, and now have 5/8 mp.
You hit the jelly.
Your front legs burn!
The jelly completely misses you. 😕 HP[-4]
You take 4 damage, and now have 28/32 hp.
You bite the jelly! The acid corrodes you!
Your front legs burn!
You hit the jelly.
Your front legs burn!
The jelly jiggles.
The jelly hits you.
You are splashed with acid!
* * * LOW HITPOINT WARNING * * *
You hit the jelly.
Your front legs burn!
* * * LOW HITPOINT WARNING * * *
The jelly hits you.
* * * LOW HITPOINT WARNING * * *
You are splashed with acid.
You die...

Skill      XL: |  1  2  3  4 |
---------------+-------------+-----
Transmutations | 2 3 |  3.3
Unarmed Combat | 3 |  3.3
Poison Magic   | 1 |  1.2
Fighting       | |  1.0
Dodging        | |  1.7
Spellcasting   | |  2.7

Action                   |  1- 3 |  4- 6 || total
-------------------------+-------+-------++-------
Melee: Unarmed           |   104 |    37 ||   141
       Kick              |    20 |     3 ||    23
       Headbutt          |     6 |     2 ||     8
       Punch             |     1 |       ||     1
 Cast: Beastly Appendage |    20 |     8 ||    28
       Spider Form       |       |     2 ||     2
  Use: Scroll            |     5 |       ||     5
 Stab: Distracted        |     1 |       ||     1
Armor: Robe              |    24 |     8 ||    32
Dodge: Dodged            |    63 |    19 ||    82

Levels and vault maps discovered:
D:1:      erik_arrival_blinker_ship, layout_loops_ring,
          shapermc_ecumenical_altar_starsandcircs, minmay_heptomino_w4
D:2:      layout_loops_ring
D:3:      layout_loops_corners, grunt_dithmenos_smoke_and_mirrors, uniq_terence

Notes
Turn   | Place    | Note
-------+----------+-------------------------------------------
     0 | D:1      | kae the Demonspawn Transmuter began the quest for the Orb.
     0 | D:1      | Reached XP level 1. HP: 15/15 MP: 3/3
     0 | D:1      | magus.rc [v1.11.3]
    91 | D:1      | Reached skill level 2 in Transmutations
   153 | D:1      | Gained mutation: Your demonic aura sometimes causes spilled
                  | blood to erupt in flames. [demonic ancestry]
   153 | D:1      | Reached XP level 2. HP: 16/21 MP: 3/5
   188 | D:1      | You pick up a book of the Hunter and begin reading...
   188 | D:1      | You add the spells Call Canine Familiar, Portal Projectile
                  | and Leda's Liquefaction to your library.
   274 | D:1      | You pick up a book of Armaments and begin reading...
   274 | D:1      | You add the spells Stone Arrow, Animate Armour and
                  | Lehudib's Crystal Spear to your library.
   447 | D:1      | Found a faded altar of an unknown god.
   502 | D:1      | Reached skill level 3 in Unarmed Combat
   777 | D:1      | Learned a level 2 spell: Wereblood
   831 | D:2      | Gained mutation: You are partially covered in slimy green
                  | scales. (AC +2) [demonic ancestry]
   831 | D:2      | Reached XP level 3. HP: 24/26 MP: 4/6
  1190 | D:2      | Reached skill level 3 in Transmutations
  1262 | D:2      | Gained mutation: You regenerate a little health from kills.
                  | [demonic ancestry]
  1262 | D:2      | Reached XP level 4. HP: 32/32 MP: 5/7
  1501 | D:3      | Learned a level 3 spell: Spider Form
  1729 | D:3      | Noticed Terence
  1747 | D:3      | Killed Terence
  1748 | D:3      | Reached skill level 1 in Poison Magic
  1944 | D:3      | Found a shadowy altar of Dithmenos.
  2097 | D:3      | HP: 6/32 [acid (5)]
  2097 | D:3      | Splashed by a jelly's acid

Vanquished Creatures
  Terence (D:3)
  5 adders
  4 dart slugs
  2 ball pythons
  5 endoplasms
  7 goblins
  7 hobgoblins
  2 quokkas (D:1)
  2 bats (D:1)
  5 frilled lizards
  6 kobolds
  3 rats
49 creatures vanquished.

Table legend:
 A = Non-vault XP
 B = Vault XP
 C = Vault XP percentage of total XP
 D = Non-vault monster count
 E = Vault monster count
 F = Vault count percentage of total count
                 A         B        C        D         E       F
            +---------+---------+-------+---------+---------+-------
      Total |     131 |      52 |  28.4 |      42 |       7 |  14.3
            +---------+---------+-------+---------+---------+-------
        D:1 |      23 |      14 |  37.8 |      13 |       6 |  31.6
        D:2 |      70 |       0 |   0.0 |      20 |       0 |   0.0
        D:3 |      38 |      38 |  50.0 |       9 |       1 |  10.0
            +---------+---------+-------+---------+---------+-------

Illustrated notes

Table legend:
 A = Kills in this place as a percentage of kills in entire the game.
 B = Kills by you in this place as a percentage of kills by you in the entire game.
 C = Kills by friends in this place as a percentage of kills by friends in the entire game.
 D = Other kills in this place as a percentage of other kills in the entire game.
 E = Experience gained in this place as a percentage of experience gained in the entire game.
 F = Experience gained in this place divided by the number of levels of this place that you have seen.
                   A       B       C       D       E      F
               +-------+-------+-------+-------+-------+----------------------
         Total | 100.0 | 100.0 |   N/A |   N/A | 100.0 |  61.0
       Dungeon | 100.0 | 100.0 |   N/A |   N/A | 100.0 |  61.0
               +-------+-------+-------+-------+-------+----------------------

Table legend: (Time is in decaauts)
 A = Elapsed time spent in this place.
 B = Non-inter-level travel time spent in this place.
 C = Inter-level travel time spent in this place.
 D = Time resting spent in this place.
 E = Time spent auto-exploring this place.
 F = Levels seen in this place.
 G = Mean time per level.
                   A        B        C        D        E       F      G
               +--------+--------+--------+--------+--------+-----+--------+
         Total |   2089 |   2018 |     71 |     16 |   1627 |   3 |  696.3 |
       Dungeon |   2089 |   2018 |     71 |     16 |   1627 |   3 |  696.3 |
               +--------+--------+--------+--------+--------+-----+--------+

Top non-repeatable levels by time:
     D:1: 812 daAuts
     D:2: 678 daAuts
     D:3: 598 daAuts
